 Dungeon Crawl Stone Soup version 0.16.1-4-g8e1b745 (console) character file.

259 gw the Cutter (level 5, -4/41 HPs)
             Began as a Vampire Abyssal Knight on Mar 27, 2015.
             Was a Believer of Lugonu.
             Slain by a worker ant (5 damage)
             ... on level 4 of the Dungeon.
             The game lasted 00:05:37 (3404 turns).

gw the Cutter (Vampire Abyssal Knight)              Turns: 3404, Time: 00:05:37

Health: -4/41      AC:  9    Str: 11    XL:     5   Next: 95%
Magic:  5/6        EV:  5    Int: 14    God:    Lugonu [**....]
Gold:   170        SH:  0    Dex: 14    Spells: 0 memorised, 4 levels left

rFire  . . .     SeeInvis +     a - +1 short sword
rCold  . . .     Clarity  .     h - +0 chain mail
rNeg   . . .     SustAb   .     (no shield)
rPois  .         Gourm    .     c - +0 helmet
rElec  .         Spirit   .     (no cloak)
rCorr  .         Warding  .     (no gloves)
rMut   .         Stasis   .     (no boots)
MR     .....                    (no amulet)
Stlth  ..........               (no ring)
                                (no ring)

@: lethally poisoned (-4 -> -5), very slightly contaminated, regenerating
quickly, not resistant to hostile enchantments, extremely unstealthy
A: bottle blood, fangs 3, see invisible, unbreathing
a: Depart the Abyss, Bend Space, Renounce Religion


You were on level 4 of the Dungeon.
You worshipped Lugonu.
Lugonu was pleased with you.
You were full.

You visited 1 branch of the dungeon, and saw 4 of its levels.
You visited the Abyss 1 time.

You collected 170 gold pieces.

Inventory:

Hand weapons
 a - a +1 short sword (weapon)
Missiles
 d - 139 stones (quivered)
Armour
 c - a +0 helmet (worn)
 h - a +0 chain mail (worn)
Magical devices
 f - a wand of flame (13)
 m - a wand of random effects (17)
Scrolls
 b - a scroll of remove curse
 e - 3 scrolls of identify
Potions
 g - a potion of cancellation {unknown}


   Skills:
 + Level 3.6 Fighting
 * Level 4.6 Short Blades
 + Level 1.2 Throwing
 + Level 1.9 Armour
 - Level 2.1 Dodging
 + Level 2.3 Invocations


You had 4 spell levels left.
You didn't know any spells.

Dungeon Overview and Level Annotations

Branches:
Dungeon (4/15)
 Temple: D:4-7

Altars:
Vehumet

Shops:
D:4 ?

Annotations:
D:3 Grinder; gw's ghost, average VSGl


Innate Abilities, Weirdness & Mutations

Your natural rate of healing is unusually fast.
You can bottle blood from corpses.
You have razor-sharp teeth.
You have supernaturally acute eyesight.
You can survive without breathing.


Message History

Unknown command.
Unknown command.
Attempting RANGED ATTACK TO (-3,-2) Throwing (i - inventory):
d - 141 stones (quivered)
Press: ? - help, Shift-Dir - straight line, f - worker ant
Aim: a worker ant (lightly wounded)
You throw a stone. The stone barely misses the worker ant.
You feel sick.
Unknown command.
Unknown command.
Unknown command.
Unknown command.
Attempting RANGED ATTACK TO (-2,-1) Throwing (i - inventory):
d - 140 stones (quivered)
Press: ? - help, Shift-Dir - straight line, f/p - worker ant
Aim: a worker ant (lightly wounded)
You throw a stone.
The stone hits the worker ant but does no damage.
The worker ant is lightly wounded.
The worker ant bites you.
You die...

#...#.##..#.#
#+###...#.##..#.#
#.....#.#.##..#.# #
#ยค.a..#.#.##..#.##.# .
###...#.#..........# ...
#..(..#.<.....#.####
#.... #....(#.###.....#
..###+#+###.(####....(#
..#...#...#..aV.......#
#..#.......#...###..(.(#
#.####..(####.(((.?...(#
#..#.......#.)##########
..#.......#..#
.....#####..(#
............(#
..........((#
.......((..#


You could see a worker ant.

Table legend:
 A = Turns spent in this place as a percentage of turns spent in the entire game.
 B = Non-inter-level travel turns spent in this place as a percentage of non-inter-level travel turns spent in the entire game.
 C = Inter-level travel turns spent in this place as a percentage of turns spent in this place.
 D = Turns resting spent in this place as a percentage of non-inter-level travel turns spent in this place.
 E = Turns spent auto-exploring this place as a percentage of non-inter-level travel turns spent in this place.
 F = Non-inter-level travel turns spent in this place divided by the number of levels of this place that you've seen.
                   A       B       C       D       E      F
               +-------+-------+-------+-------+-------+----------------------
         Total | 100.0 | 100.0 |   0.5 |   0.7 |   1.6 | 1458.0
       Dungeon |  99.5 |  99.5 |   0.5 |   0.7 |   1.6 | 1814.2
         Abyss |   0.5 |   0.5 |   0.0 |   0.0 |   3.0 |  33.0
               +-------+-------+-------+-------+-------+----------------------

Table legend:
 A = Kills in this place as a percentage of kills in entire the game.
 B = Kills by you in this place as a percentage of kills by you in the entire game.
 C = Kills by friends in this place as a percentage of kills by friends in the entire game.
 D = Other kills in this place as a percentage of other kills in the entire game.
 E = Experience gained in this place as a percentage of experience gained in the entire game.
 F = Experience gained in this place divided by the number of levels of this place that you have seen.
                   A       B       C       D       E      F
               +-------+-------+-------+-------+-------+----------------------
         Total | 100.0 | 100.0 |  -nan | 100.0 | 100.0 |  74.2
       Dungeon | 100.0 | 100.0 |  -nan | 100.0 | 100.0 |  92.8
               +-------+-------+-------+-------+-------+----------------------

Vanquished Creatures
  An orc priest (D:3)
  Robin (D:3)
  2 adders
  2 worms
  2 giant geckos
  8 orcs (D:3)
  A ball python (D:3)
  16 goblins
  11 hobgoblins
  5 bats
  2 giant cockroaches
  4 giant newts
  7 jackals
  7 kobolds
  11 rats
80 creatures vanquished.

Vanquished Creatures (others)
  The ghost of Nailimixam the Skirmisher, an average DsBe of Trog (D:4)
  A goblin (D:3)
2 creatures vanquished.

Grand Total: 82 creatures vanquished

Notes
Turn   | Place    | Note
--------------------------------------------------------------
     0 | Abyss:1  | gw, the Vampire Abyssal Knight, began the quest for the Orb.
     0 | Abyss:1  | Reached XP level 1. HP: 17/17 MP: 1/1
    28 | D:1      | Escaped the Abyss
   191 | D:1      | Reached XP level 2. HP: 12/23 MP: 2/2
   394 | D:1      | Reached skill level 3 in Short Blades
   593 | D:1      | You fall through a shaft!
   606 | D:2      | Reached skill level 1 in Armour
   623 | D:2      | Reached XP level 3. HP: 9/29 MP: 3/3
  1386 | D:2      | Acquired Lugonu's second power
  1912 | D:3      | Noticed Grinder
  1939 | D:3      | Noticed gw's ghost (average VSGl)
  2045 | D:3      | Paralysed by Grinder for 2 turns
  2222 | D:3      | Noticed Robin
  2238 | D:3      | Reached XP level 4. HP: 16/35 MP: 5/5
  2265 | D:3      | Killed Robin
  2709 | D:3      | Acquired Lugonu's third power
  2709 | D:3      | Reached skill level 4 in Short Blades
  2709 | D:3      | Reached XP level 5. HP: 30/41 MP: 6/6
  2867 | D:3      | Found a radiant altar of Vehumet.
  3118 | D:4      | Noticed Nailimixam's ghost (average DsBe)
  3208 | D:4      | Banished Nailimixam's ghost
  3208 | D:4      | Reached skill level 1 in Throwing
  3212 | D:4      | Found Phiac's Magic Scroll Boutique.
  3400 | D:4      | HP: 2/41 [spatial distortion (4)]
  3404 | D:4      | Slain by a worker ant

Action                   |  1- 3 |  4- 6 || total
-------------------------+-------+-------++-------
Melee: Short sword       |   158 |   117 ||   275
Throw: Stone             |   125 |    38 ||   163
       Tomahawk          |       |     6 ||     6
Invok: Bend Space        |     4 |     4 ||     8
       Banish            |       |     3 ||     3
Evoke: Wand              |     7 |     4 ||    11
  Use: Potion            |     6 |     3 ||     9
       Scroll            |     2 |     2 ||     4
  Eat: Corpse            |    17 |    10 ||    27

Vault maps used:
D:1:      dpeg_arrival_stonehenge_8_columns
D:2:      minmay_strange_pillars
D:3:      vehumet_altar_wand_db, first_bread, uniq_robin, uniq_grinder
D:4:      led_sif_pool, hangedman_ru_absence, serial_shops, shop, shop
